 Dungeon Crawl Stone Soup version 0.18.1-8-gdd0e5ea (webtiles) character file.

362 mistymad the Ruffian (level 6, -3/52 HPs)
             Began as a Naga Transmuter on May 21, 2016.
             Slain by zkyp's ghost (12 damage)
             ... on level 4 of the Dungeon on May 22, 2016.
             The game lasted 00:21:02 (4556 turns).

mistymad the Ruffian (Naga Transmuter)              Turns: 4556, Time: 00:21:04

Health: -3/52      AC:  5    Str: 13    XL:     6   Next: 66%
Magic:  9/11       EV: 10    Int: 15    God:
Gold:   118        SH:  0    Dex: 11    Spells: 3 memorised, 6 levels left

rFire  + . .     SeeInvis +       - Unarmed
rCold  . . .     Gourm    .     q - +1 robe {rF+}
rNeg   . . .     Faith    .     (no shield)
rPois  +         Spirit   .     (no helmet)
rElec  .         Dismiss  .     o - +0 cloak
rCorr  .         Reflect  .     (no gloves)
SustAt .         Harm     .     (no barding)
MR     .....                    (no amulet)
Stlth  +.........               (no ring)
                                (no ring)

@: very slightly contaminated, slowed, very slow, not resistant to hostile
enchantments, very unstealthy
A: see invisible, deformed body, poison resistance, slowness 2, slow metabolism
1, spit poison 2, AC +2
a: Spit Poison


You were on level 4 of the Dungeon.
You were hungry.

You visited 1 branch of the dungeon, and saw 4 of its levels.

You collected 118 gold pieces.

Inventory:

Missiles
 a - 50 arrows
Armour
 b - a +0 robe
 o - a +0 cloak (worn)
 q - a +1 robe of fire resistance (worn)
Wands
 j - a wand of paralysis (12/24)
 t - a wand of iceblast (5/15)
Scrolls
 f - a scroll of enchant weapon {unknown}
 h - a scroll of noise {unknown}
 i - 3 scrolls of identify {unknown}
 p - 3 scrolls of teleportation {unknown}
 r - a scroll of remove curse {unknown}
Potions
 e - a potion of ambrosia
 m - a potion of brilliance {unknown}
 s - a potion of flight {unknown}
Books
 c - a book of Changes

   Spells                             Type                      Level
   a - Beastly Appendage              Transmutation                1
   b - Sticks to Snakes               Transmutation                2
   c - Spider Form                    Transmutation/Poison         3
   d - Ice Form                       Ice/Transmutation            4
   e - Blade Hands                    Transmutation                5
Comestibles
 d - 6 bread rations
 g - 3 meat rations
 l - 2 beef jerkies
 n - 2 fruits


   Skills:
 + Level 2.2 Fighting
 + Level 2.6 Dodging
 + Level 0.4 Stealth
 + Level 4.1 Unarmed Combat
 + Level 3.6 Spellcasting
 + Level 3.6 Transmutations
 + Level 1.1 Poison Magic


You had 6 spell levels left.
You knew the following spells:

 Your Spells              Type           Power        Failure   Level  Hunger
a - Beastly Appendage     Trmt           ##....       4%          1    None
b - Sticks to Snakes      Trmt           ##......     8%          2    ##.....
c - Spider Form           Trmt/Pois      #.........   24%         3    ###....


Dungeon Overview and Level Annotations

Branches:
Dungeon (4/15)
 Temple: D:4-7

Altars:
Makhleb
Sif Muna
Vehumet
Xom

Annotations:
D:4 zkyp's ghost, novice TeEn


Innate Abilities, Weirdness & Mutations

You cannot wear boots.
Your serpentine skin is tough (AC +2).
You have supernaturally acute eyesight.
Armour fits poorly on your strangely shaped body.
Your system is resistant to poisons.
You cover ground very slowly.
You have a slow metabolism.
You can spit poison.


Message History

Your ball python bites zkyp's ghost but does no damage.
Zkyp's ghost hits you but does no damage.
Your ball python misses zkyp's ghost.
You miss zkyp's ghost.
Zkyp's ghost is severely damaged.
Your ball python dies!
Zkyp's ghost hits you.
* * * LOW HITPOINT WARNING * * *
Zkyp's ghost freezes you.
* * * LOW HITPOINT WARNING * * *
Zkyp's ghost points at you and mumbles some strange words.
You resist with some effort.
Casting: Sticks to Snakes
Confirm with . or Enter, or press ? or * to list all spells.
You create a snake!
You now have 50 arrows.
Zkyp's ghost gestures at you while chanting.
You fall asleep.
Zkyp's ghost hits you.
You wake up.
* * * LOW HITPOINT WARNING * * *
You are electrocuted!
You die...

....).. #.##.†##.# .....
#........# ...
#####.#### #W# #.# #.#
#.# #.# #.# ##.## #.#
..# ##...#########.#
.....####....W@S.......#
.........#...#.#########
.....###.##.##.# ..#
#...[...# #########


You could see zkyp's ghost and a friendly ball python.

Vanquished Creatures
  A centaur (D:3)
  Blork the orc (D:4)
  A scorpion (D:4)
  An orc wizard (D:3)
  4 adders
  3 worms
  3 dart slugs (D:3)
  3 giant geckos
  4 orcs (D:3)
  3 ball pythons (D:2)
  2 giant cockroaches
  13 hobgoblins
  6 jackals (D:3)
  A quokka (D:3)
  5 bats
  10 giant newts
  12 goblins
  8 kobolds
  A quokka skeleton (D:4)
  6 rats
88 creatures vanquished.

Vanquished Creatures (collateral kills)
  An orc (D:3)
1 creature vanquished.

Grand Total: 89 creatures vanquished

Notes
Turn   | Place    | Note
--------------------------------------------------------------
     0 | D:1      | mistymad the Naga Transmuter began the quest for the Orb.
     0 | D:1      | Reached XP level 1. HP: 18/18 MP: 3/3
   217 | D:1      | Reached XP level 2. HP: 16/25 MP: 5/5
   571 | D:1      | Learned a level 2 spell: Sticks to Snakes
  1247 | D:2      | Reached XP level 3. HP: 29/31 MP: 4/6
  1583 | D:2      | Found a deep blue altar of Sif Muna.
  1783 | D:2      | Learned a level 3 spell: Spider Form
  1878 | D:2      | Reached XP level 4. HP: 17/38 MP: 6/8
  3102 | D:3      | Noticed a centaur
  3114 | D:3      | Killed a centaur
  3114 | D:3      | Reached XP level 5. HP: 20/45 MP: 6/9
  3334 | D:3      | Found a radiant altar of Vehumet.
  3382 | D:3      | Found a burning altar of Makhleb.
  3931 | D:3      | Reached skill level 1 in Poison Magic
  3967 | D:3      | Found a shimmering altar of Xom.
  3991 | D:3      | Reached XP level 6. HP: 36/52 MP: 3/11
  4407 | D:4      | Noticed Blork the orc
  4427 | D:4      | Killed Blork the orc
  4427 | D:4      | Reached skill level 4 in Unarmed Combat
  4526 | D:4      | Noticed zkyp's ghost (novice TeEn)
  4556 | D:4      | Slain by zkyp's ghost

Skill      XL: |  1  2  3  4  5  6 |
---------------+-------------------+-----
Dodging        | 2 |  2.6
Spellcasting   | 3 |  3.6
Transmutations | 3 |  3.6
Poison Magic   | 1 |  1.1
Fighting       | 2 |  2.2
Unarmed Combat | 4 |  4.1
Stealth        | |  0.4

Action                   |  1- 3 |  4- 6 || total
-------------------------+-------+-------++-------
Melee: Unarmed           |   132 |   169 ||   301
       Headbutt          |    16 |    15 ||    31
       Punch             |     1 |       ||     1
 Cast: Beastly Appendage |    27 |    23 ||    50
       Spider Form       |       |    10 ||    10
       Sticks to Snakes  |       |     6 ||     6
 Abil: Spit Poison       |     3 |     4 ||     7
  Use: Potion            |       |     2 ||     2
  Eat: Chunk             |     3 |     8 ||    11
Armor: Robe              |    16 |    36 ||    52
       Skin              |       |     3 ||     3
Dodge: Dodged            |    63 |    98 ||   161
